 Dungeon Crawl Stone Soup version 0.21.0-3-g78d12a8 (webtiles) character file.

203 Zhenya24pyc the Cudgeler (level 5, 0/34 HPs)
             Began as a Gargoyle Fighter on Jan 17, 2018.
             Slain by an ogre
             ... wielding a cursed -2 giant club
              (11 damage)
             ... on level 4 of the Dungeon.
             The game lasted 00:05:51 (2556 turns).

Zhenya24pyc the Cudgeler (Gargoyle Fighter)         Turns: 2556, Time: 00:05:52

Health: 0/34       AC: 13    Str: 21    XL:     5   Next: 81%
Magic:  5/5        EV:  7    Int:  8    God:
Gold:   195        SH:  9    Dex:  9    Spells: 4/4 levels left

rFire    . . .     SeeInvis .   a - +0 flail
rCold    . . .     Gourm    .   c - +0 shield
rNeg     + . .     Faith    .   b - +0 scale mail
rPois    ∞         Spirit   .   p - +0 helmet
rElec    +         Reflect  .   g - +0 cloak
rCorr    .         Harm     .   (no gloves)
MR       .....                  (no boots)
Stlth    ..........             (no amulet)
HPRegen  0.11/turn              (no ring)
MPRegen  0.09/turn              (no ring)

@: no status effects
A: negative energy resistance 1, electricity resistance, unbreathing,
petrification resistance, rot immunity, AC +4
a: no special abilities


You were on level 4 of the Dungeon.
You were hungry.

You visited 1 branch of the dungeon, and saw 4 of its levels.

You collected 195 gold pieces.

Inventory:

Hand Weapons
 a - a +0 flail (weapon)
Armour
 b - a +0 scale mail (worn)
 c - a +0 shield (worn)
 g - a +0 cloak (worn)
 p - a +0 helmet (worn)
Scrolls
 e - 3 scrolls of fog {unknown}
 h - 4 scrolls of identify {unknown}
 j - 2 scrolls of remove curse {unknown}
 l - 2 scrolls of fear {unknown}
 m - a scroll of enchant armour {unknown}
 n - 2 scrolls of teleportation {unknown}
 r - a scroll of magic mapping {unknown}
Potions
 d - a potion of might
 i - a potion of haste {unknown}
 k - 2 potions of agility {unknown}
 o - a potion of brilliance {unknown}
 q - a potion of lignification {unknown}
Comestibles
 f - 6 rations


   Skills:
 + Level 4.7 Fighting
 * Level 4.9 Maces & Flails
 - Level 3.2 Armour
 - Level 3.2 Shields


You had 4 spell levels left.
You didn't know any spells.

Dungeon Overview and Level Annotations

Branches:
Dungeon (4/15)
 Temple: D:4-7

Altars:
Makhleb
Zin
The Shining One

Shops:
D:4 *


Innate Abilities, Weirdness & Mutations

You are resistant to torment.
Your stone body is resilient. (AC +4)
You are immune to poison.
You resist negative energy. (rN+)
You are resistant to electric shocks. (rElec)
You can survive without breathing.
You are immune to petrification.
You are immune to rotting.


Message History

You now have 195 gold pieces (gained 18).
An orc priest comes into view.
The orc priest shouts!
An orc wizard comes into view. It is wielding a dagger.
The orc wizard shouts!
Found Utubuwud's Assorted Antiques.
An orc wizard comes into view. It is wielding a dagger.
The orc priest calls down the wrath of Beogh upon you.
Beogh smites you!
Ouch! That really hurt!
You hear a shout!
An orc comes into view. It is wielding a club.
The orc wizard mumbles some strange words.
The orc wizard flickers and vanishes!
Deactivating autopickup; reactivate with Ctrl-A.
The ogre hits you with a giant club!
* * * LOW HITPOINT WARNING * * *
There is a stone staircase leading up here.
The ogre hits you with a giant club!
You die...

##..# ##...#
###....#######
.............
##.#........##
#..#..........
##.#.........# #
#..#.......##
##.#####.#....@####
.......#......O#
#............o#
###...#.......## ##.#.
#............#......
#....>............#
...#......o....>.......
.. #.....{......######.
#............#


You could see an ogre, an orc priest and an orc.

Vanquished Creatures
  The ghost of feelmyfire the Insei, an amateur DgTm (D:3)
  5 adders
  2 oozes (D:1)
  2 adder zombies (D:2)
  An adder skeleton (D:2)
  A worm (D:2)
  A dart slug (D:2)
  4 leopard geckos
  2 bats
  A bat zombie (D:2)
  3 giant cockroaches (D:3)
  7 goblins
  6 hobgoblins
  2 quokkas
  A ball python (D:1)
  3 frilled lizards
  A jackal skeleton (D:2)
  4 kobolds
  6 rats
53 creatures vanquished.

Notes
Turn   | Place    | Note
-------+----------+-------------------------------------------
     0 | D:1      | Zhenya24pyc the Gargoyle Fighter began the quest for the Orb.
     0 | D:1      | Reached XP level 1. HP: 14/14 MP: 1/1
   100 | D:1      | Reached XP level 2. HP: 17/19 MP: 2/2
   800 | D:2      | Reached XP level 3. HP: 21/24 MP: 3/3
   911 | D:2      | Found a glowing golden altar of the Shining One.
  1022 | D:2      | Reached XP level 4. HP: 28/29 MP: 4/4
  1452 | D:3      | Found a faded altar of an unknown god.
  1501 | D:3      | Found a glowing silver altar of Zin.
  1501 | D:3      | Found a burning altar of Makhleb.
  1502 | D:3      | Noticed an Executioner
  1502 | D:3      | Noticed an angel
  2031 | D:3      | Noticed feelmyfire's ghost (amateur DgTm)
  2246 | D:3      | Killed feelmyfire's ghost
  2246 | D:3      | Reached XP level 5. HP: 12/34 MP: 5/5
  2541 | D:4      | Noticed an ogre
  2548 | D:4      | Found Utubuwud's Assorted Antiques.
  2556 | D:4      | Slain by an ogre

Skill      XL: |  1  2  3  4 |
---------------+-------------+-----
Maces & Flails | 3 4 |  4.9
Fighting       | 4 |  4.7
Armour         | |  3.2
Shields        | |  3.2

Action                   |  1- 3 |  4- 6 || total
-------------------------+-------+-------++-------
Melee: Flail             |   115 |   144 ||   259
  Eat: Chunk             |     1 |     4 ||     5
Armor: Scale mail        |    71 |    83 ||   154
Dodge: Dodged            |    47 |    47 ||    94
Block: Shield            |    74 |    73 ||   147
